 Dungeon Crawl Stone Soup version 0.30-a0-777-ga9a30cbeda (webtiles) character file.

Game seed: 12220817681814687968

91 jimonade the Shield-Bearer (level 4, -3/35 HPs)
             Began as a Formicid Fighter on Feb 14, 2023.
             Slain by a gnoll
             ... wielding a +0 spear
              (4 damage)
             ... on level 1 of the Dungeon.
             The game lasted 00:03:36 (1487 turns).

jimonade the Shield-Bearer (Formicid Fighter)       Turns: 1487, Time: 00:03:37

Health: -3/35      AC: 11    Str: 21    XL:     4   Next: 88%
Magic:  4/4        EV:  6    Int:  9    God:
Gold:   87         SH: 10    Dex: 13    Spells: 3/3 levels left

rFire   . . .      SeeInvis +    a - +0 trident
rCold   . . .      Faith    .    c - +0 buckler
rNeg    . . .      Spirit   .    h - +0 plate armour
rPois   .          Reflect  +    (helmet unavailable)
rElec   .          Harm     .    (no cloak)
rCorr   .          Rampage  .    (no gloves)
Will    .....                    (no boots) Stlth
                                 f - amulet of reflection
HPRegen 0.25/turn                (no ring)
MPRegen 0.09/turn                (no ring)

@: no status effects
A: permanent stasis, dig shafts and tunnels, antennae 3, four strong arms
a: Dig, Shaft Self


You were on level 1 of the Dungeon.
You visited 1 branch of the dungeon, and saw 2 of its levels.

You collected 87 gold pieces.

Inventory:

Hand Weapons
 a - a +0 trident (weapon)
Missiles
 e - 7 stones
Armour
 b - a +0 scale mail
 c - a +0 buckler (worn)
 h - a +0 plate armour (worn)
Jewellery
 f - an amulet of reflection (around neck)
Scrolls
 g - a scroll of magic mapping {unknown}
 i - a scroll of silence {unknown}
 m - a scroll of teleportation {unknown}
Potions
 d - a potion of might
 j - a potion of ambrosia {unknown}
 k - a potion of heal wounds {unknown}
 l - a potion of curing {unknown}


   Skills:
 + Level 3.5 Fighting
 * Level 3.3 Polearms
 + Level 3.9 Armour
 + Level 0.2 Dodging
 + Level 4.9 Shields


You had 3 spell levels left.
You didn't know any spells.
Your spell library was empty.

Dungeon Overview and Level Annotations

Branches:
Dungeon (2/15)

Altars:


Innate Abilities, Weirdness & Mutations

You cannot be hasted, slowed, berserked, paralysed or teleported.
You can dig through walls and to a lower floor.
You have a pair of large antennae on your head. (SInv)
Your four strong arms can wield two-handed weapons with a shield.


Message History

You can't go up here!
The gnoll hits you with a +0 halberd. You block the gnoll's attack.
There is a stone staircase leading up here.
You block the gnoll's attack.
You climb upwards.
There is a stone staircase leading down here.
You barely miss the gnoll. You block the gnoll's attack.
The gnoll barely misses you.
You hit the gnoll but do no damage. You block the gnoll's attack.
The gnoll barely misses you.
You hit the gnoll.
The gnoll is lightly wounded.
You block the gnoll's attack. The gnoll hits you with a +0 halberd.
You block the gnoll's attack. The gnoll closely misses you.
You puncture the gnoll!
The gnoll is almost dead.
You block the gnoll's attack. The gnoll hits you with a +0 halberd.
You hit the gnoll.
The gnoll is almost dead.
You block the gnoll's attack. The gnoll hits you with a +0 halberd.
You hit the gnoll but do no damage.
The gnoll is almost dead.
The gnoll completely misses you. The gnoll hits you with a +0 halberd.
You barely miss the gnoll.
The gnoll is almost dead.
The gnoll hits you but does no damage. You block the gnoll's attack.
You barely miss the gnoll.
The gnoll is almost dead.
You block the gnoll's attack. The gnoll hits you with a +0 halberd.
You closely miss the gnoll.
The gnoll is almost dead.
You block the gnoll's attack. The gnoll hits you with a +0 halberd!
* * * LOW HITPOINT WARNING * * *
The gnoll hits you with a +0 spear.
* * * LOW HITPOINT WARNING * * *
The gnoll hits you but does no damage.
You hit the gnoll but do no damage.
The gnoll is almost dead.
The gnoll hits you with a +0 spear.
You die...

.........................#...#'#.
.....................##..........
..........#.....#....##..........
#...............................)
...............#.................
...###.........#.................
...###.........#...........#.....
#....##+#......#.g.........#...#.
.....####......+@).............#.
........#.....##.g.............#.
...............................#.
................#+#'###.....####.
..#.............#.#...#..........
..#...............#..............
............#######..............
.....##...#...................##.
.....##...#...........#.......##.


You could see 2 gnolls.

Vanquished Creatures
  4 gnolls
  3 adders
  4 endoplasms
  A giant cockroach (D:1)
  2 goblins (D:1)
  4 hobgoblins (D:1)
  2 kobolds (D:1)
  3 ball pythons (D:1)
  A bat (D:2)
  4 rats
28 creatures vanquished.

Notes
Turn   | Place    | Note
-------+----------+-------------------------------------------
     0 | D:1      | jimonade the Formicid Fighter began the quest for the Orb.
     0 | D:1      | Reached XP level 1. HP: 18/18 MP: 1/1
    90 | D:1      | Reached XP level 2. HP: 14/24 MP: 2/2
   803 | D:1      | Reached XP level 3. HP: 29/29 MP: 3/3
   915 | D:1      | Reached XP level 4. HP: 13/35 MP: 4/4
  1486 | D:1      | HP: 1/35 [gnoll/+0 spear (2)]
  1487 | D:1      | Slain by a gnoll

Illustrated notes

Levels and vault maps discovered:
D:1:      psy_arrival_fountain, layout_basic
D:2:      layout_rooms

Skill      XL: |  1  2  3  4 |
---------------+-------------+-----
Polearms       | 3 |  3.3
Fighting       | |  3.5
Armour         | |  3.9
Dodging        | |  0.2
Shields        | |  4.9

Action                     |  1- 3 |  4- 6 || total
---------------------------+-------+-------++-------
  Melee: Trident           |    86 |    34 ||   120
 Armour: Scale mail        |    17 |       ||    17
         Plate armour      |    16 |     9 ||    25
  Dodge: Dodged            |    14 |    11 ||    25
  Block: Buckler           |    37 |    21 ||    58

Table legend: (Time is in decaauts)
 A = Elapsed time spent in this place.
 B = Non-inter-level travel time spent in this place.
 C = Inter-level travel time spent in this place.
 D = Time resting spent in this place.
 E = Time spent auto-exploring this place.
 F = Levels seen in this place.
 G = Mean time per level.
                   A        B        C        D        E       F      G
               +--------+--------+--------+--------+--------+-----+--------+
         Total |   1514 |   1470 |     44 |    319 |    697 |   2 |  757.0 |
       Dungeon |   1514 |   1470 |     44 |    319 |    697 |   2 |  757.0 |
               +--------+--------+--------+--------+--------+-----+--------+

Top non-repeatable levels by time:
     D:1: 1178 daAuts
     D:2: 335 daAuts
